[Event "CZE-ch Youth B16 2022"]
[Site "Luhacovice"]
[Date "2022.03.12"]
[Round "1.3"]
[White "Winter, Ondrej"]
[Black "Stejskal, Michal"]
[Result "1-0"]
[ECO "B31"]
[WhiteElo "2147"]
[BlackElo "1857"]
[Annotator "ChessBase"]
[PlyCount "93"]
[EventDate "2022.03.12"]
[EventType "swiss"]
[EventCountry "CZE"]
[SourceTitle "playchess.com"]
[Source "ChessBase"]
[SourceQuality "1"]
[TimeControl "40/5400+30:1800+30"]

1. e4 c5 2. Nf3 Nc6 3. Bb5 g6 4. Bxc6 dxc6 5. d3 Bg7 6. O-O Nf6 7. h3 Nd7 8. Nc3 e5 9. Nh2 Nf8 10. f4 exf4 11. Bxf4 Ne6 12. Bd2 Nd4 13. Kh1 O-O 14. Be3 b6 15. Qd2 Be6 16. Rad1 Qe7 17. b3 Rad8 18. Rf2 b5 19. Bh6 c4 20. Bxg7 Kxg7 21. Ne2 Nxe2 22. Qxe2 cxd3 23. cxd3 Rd7 24. Qb2+ f6 25. Nf3 Rfd8 26. d4 Kg8 27. Rc1 Rc7 28. Rc5 f5 29. e5 Bd5 30. Qc3 h6 31. Kh2 a6 32. Qe3 Kh7 33. Ne1 Be6 34. Nd3 Qd7 35. Nf4 g5 36. Nxe6 Qxe6 37. Qd3 Kg6 38. g4 Rf8 39. Kg1 h5 40. Qc2 hxg4 41. hxg4 Rcc8 42. Kf1 Qd7 43. gxf5+ Rxf5 44. Qe4 Qe6 45. Kg2 g4 46. Kg3 Rc7 47. Kxg4 1-0

[Event "CZE-ch Youth B16 2022"]
[Site "Luhacovice"]
[Date "2022.03.12"]
[Round "1.4"]
[White "Mametev, Artem"]
[Black "Hak, David"]
[Result "1-0"]
[ECO "C06"]
[WhiteElo "1848"]
[BlackElo "2132"]
[Annotator "ChessBase"]
[PlyCount "73"]
[EventDate "2022.03.12"]
[EventType "swiss"]
[EventCountry "CZE"]
[SourceTitle "playchess.com"]
[Source "ChessBase"]
[SourceQuality "1"]
[TimeControl "40/5400+30:1800+30"]

1. e4 e6 2. d4 d5 3. Nd2 Nf6 4. e5 Nfd7 5. Bd3 c5 6. c3 Nc6 7. Ne2 cxd4 8. cxd4 f6 9. exf6 Nxf6 10. Nf3 Bd6 11. O-O Qc7 12. h3 O-O 13. Be3 Bd7 14. Rc1 Rae8 15. Re1 a6 16. a3 Qb8 17. b4 a5 18. b5 Ne7 19. Qa4 b6 20. Ne5 Bxe5 21. dxe5 Ne4 22. Red1 Nc5 23. Bxc5 bxc5 24. Rxc5 Qxe5 25. Qd4 Qxd4 26. Nxd4 e5 27. Rc7 Rd8 28. Nc6 Nxc6 29. bxc6 Bc8 30. Re7 e4 31. Bb5 Rd6 32. Bc4 Rfd8 33. Rxd5 Rxd5 34. Bxd5+ Rxd5 35. Re8+ Kf7 36. Rxc8 Rc5 37. c7 1-0

[Event "CZE-ch Youth B16 2022"]
[Site "Luhacovice"]
[Date "2022.03.12"]
[Round "1.5"]
[White "Paseka, Matyas"]
[Black "Vilimek, Vit"]
[Result "1-0"]
[ECO "B33"]
[WhiteElo "2058"]
[BlackElo "1794"]
[Annotator "ChessBase"]
[PlyCount "67"]
[EventDate "2022.03.12"]
[EventType "swiss"]
[EventCountry "CZE"]
[SourceTitle "playchess.com"]
[Source "ChessBase"]
[SourceQuality "1"]
[TimeControl "40/5400+30:1800+30"]

1. e4 c5 2. Nf3 Nc6 3. d4 cxd4 4. Nxd4 Nf6 5. Nc3 e5 6. Ndb5 d6 7. Bg5 a6 8. Na3 b5 9. Nd5 Be7 10. Bxf6 Bxf6 11. c3 Bg5 12. Nc2 O-O 13. a4 bxa4 14. Rxa4 a5 15. Bc4 Kh8 16. Nce3 Bd7 17. Ra2 Ra7 18. b3 Be6 19. Qd3 g6 20. h4 Bxh4 21. g3 Bg5 22. f4 exf4 23. gxf4 Bh4+ 24. Kd1 f5 25. Bb5 Nb8 26. Rah2 Bf6 27. exf5 Bg8 28. fxg6 Rg7 29. Nf5 Rxg6 30. Nfe7 Kg7 31. Rxh7+ Bxh7 32. Rxh7+ Kxh7 33. Qxg6+ Kh8 34. Qh6# 1-0

[Event "CZE-ch Youth B16 2022"]
[Site "Luhacovice"]
[Date "2022.03.12"]
[Round "1.6"]
[White "Mrazek, Roman"]
[Black "Janous, Marek"]
[Result "0-1"]
[ECO "B90"]
[WhiteElo "1820"]
[BlackElo "2056"]
[Annotator "ChessBase"]
[PlyCount "90"]
[EventDate "2022.03.12"]
[EventType "swiss"]
[EventCountry "CZE"]
[SourceTitle "playchess.com"]
[Source "ChessBase"]
[SourceQuality "1"]
[TimeControl "40/5400+30:1800+30"]

1. e4 c5 2. Nf3 d6 3. d4 cxd4 4. Nxd4 Nf6 5. Nc3 a6 6. Be3 e5 7. Nb3 Be7 8. f3 Be6 9. Qd2 O-O 10. O-O-O Nbd7 11. g4 b5 12. g5 b4 13. Na4 Nh5 14. Kb1 a5 15. Rg1 Qc7 16. Bb5 Rfb8 17. c4 Bxc4 18. Bxd7 Qxd7 19. Nb6 Rxb6 20. Bxb6 Qb5 21. Be3 Be2 22. Qd5 Qa6 23. Rc1 a4 24. Nd2 b3 25. Rc6 Qd3+ 26. Qxd3 Bxd3+ 27. Ka1 f5 28. exf5 Bxf5 29. Nc4 Rd8 30. Rd1 Bc2 31. Rd2 Rf8 32. Rf2 Nf4 33. Nxd6 Nd3 34. Rf1 Nb4 35. Rb6 Nd5 36. Nc4 Nxb6 37. Nxb6 e4 38. f4 Bxg5 39. Nxa4 Bf6 40. axb3 Bxb3 41. Nb6 Rd8 42. Kb1 Bd4 43. Bxd4 Rxd4 44. Re1 e3 45. Na4 e2 0-1

[Event "CZE-ch Youth B16 2022"]
[Site "Luhacovice"]
[Date "2022.03.12"]
[Round "1.8"]
[White "Oborny, Stanislav"]
[Black "Dolensky, Filip"]
[Result "0-1"]
[ECO "E93"]
[WhiteElo "1674"]
[BlackElo "2021"]
[Annotator "ChessBase"]
[PlyCount "88"]
[EventDate "2022.03.12"]
[EventType "swiss"]
[EventCountry "CZE"]
[SourceTitle "playchess.com"]
[Source "ChessBase"]
[SourceQuality "1"]
[TimeControl "40/5400+30:1800+30"]

1. c4 Nf6 2. Nc3 g6 3. Nf3 Bg7 4. d4 d6 5. e4 O-O 6. Be2 e5 7. d5 Nbd7 8. O-O Nh5 9. Ne1 Nf4 10. Bxf4 exf4 11. Qd2 g5 12. Nd3 Re8 13. f3 Qe7 14. Rfe1 h5 15. Kh1 Ne5 16. Nf2 a6 17. Rac1 Qf6 18. h3 g4 19. fxg4 hxg4 20. Nxg4 Bxg4 21. Bxg4 Nxg4 22. hxg4 Qh4+ 23. Kg1 Qxg4 24. Qd3 Re5 25. Qf3 Qxf3 26. gxf3 Rg5+ 27. Kf1 Rg3 28. Kf2 Bd4+ 29. Ke2 Kg7 30. Rh1 Rg8 31. Rh4 Be3 32. Rc2 Kf6 33. Nd1 Rg2+ 34. Kd3 Rxc2 35. Kxc2 Rg2+ 36. Kc3 Bc1 37. Rh1 Bd2+ 38. Kd3 Ba5 39. c5 dxc5 40. Kc4 Rc2+ 41. Kb3 Rc1 42. Rf1 c4+ 43. Ka3 Bd2 44. b3 c3 0-1

[Event "CZE-ch Youth B16 2022"]
[Site "Luhacovice"]
[Date "2022.03.12"]
[Round "1.11"]
[White "Bezdek, Tomas"]
[Black "Trojan, Matyas"]
[Result "1-0"]
[ECO "C50"]
[WhiteElo "1855"]
[BlackElo "1582"]
[Annotator "NA"]
[PlyCount "89"]
[EventDate "2022.03.12"]
[EventType "swiss"]
[EventCountry "CZE"]
[SourceTitle "playchess.com"]
[Source "ChessBase"]
[SourceQuality "1"]
[TimeControl "40/5400+30:1800+30"]

1. e4 e5 2. Nf3 Nc6 3. Bc4 Bc5 4. O-O d6 5. d3 h6 6. c3 Nf6 7. d4 Bb6 8. dxe5 dxe5 9. Qxd8+ Nxd8 10. Re1 Nc6 11. Be3 O-O 12. Bxb6 axb6 13. Na3 Re8 14. Nb5 Re7 15. Rad1 Bg4 16. Rd2 Bxf3 17. gxf3 Kf8 18. Red1 Ke8 19. Bd5 Nh5 20. Na3 Nd8 21. Nc2 Nf4 22. Ne3 c6 23. Bb3 Nde6 24. Nf5 Ng5 25. Kh1 Nxf3 26. Rd6 Ng5 27. Nxe7 Nxe4 28. Nf5 Nxf2+ 29. Kg1 Nxd1 30. Rxd1 Nh5 31. Nd6+ Ke7 32. Nxf7 e4 33. Nd6 Nf6 34. Nf5+ Kf8 35. Kf2 Re8 36. Rg1 Nh5 37. Ke3 Re5 38. Nd4 Nf6 39. Ne6+ Ke7 $18 40. Rxg7+ Kd6 41. Nd8 Rh5 42. Nxb7+ Ke5 43. Re7+ Kf5 44. Nd6+ Kg4 45. Bd1+ 1-0

[Event "CZE-ch Youth B16 2022"]
[Site "Luhacovice"]
[Date "2022.03.12"]
[Round "1.12"]
[White "Simek, Viktor"]
[Black "Dedek, Jan"]
[Result "0-1"]
[ECO "B13"]
[WhiteElo "1527"]
[BlackElo "1963"]
[Annotator "ChessBase"]
[PlyCount "78"]
[EventDate "2022.03.12"]
[EventType "swiss"]
[EventCountry "CZE"]
[SourceTitle "playchess.com"]
[Source "ChessBase"]
[SourceQuality "1"]
[TimeControl "40/5400+30:1800+30"]

1. e4 c6 2. d4 d5 3. exd5 cxd5 4. c4 Nf6 5. Nc3 Nc6 6. Nf3 g6 7. cxd5 Nxd5 8. Bc4 Nxc3 9. bxc3 Bg7 10. O-O O-O 11. Re1 Na5 12. Bb3 e6 13. Bf4 b5 14. Qe2 a6 15. Bc2 Bb7 16. Be4 Bd5 17. a4 Nc4 18. axb5 axb5 19. Bxd5 Qxd5 20. Nd2 Nb6 21. Reb1 Rxa1 22. Rxa1 Qd7 23. Ne4 Nd5 24. Bd2 Rb8 25. Nc5 Qe7 26. f4 b4 27. Rb1 Qe8 28. Qe1 bxc3 29. Rxb8 Qxb8 30. Bxc3 Qxf4 31. Nb3 Bf6 32. Qd2 Ne3 33. Qe2 Nf5 34. Qf2 Qg4 35. Qd2 Bg5 36. Qc2 Ne3 37. Qd2 Qf5 38. Qc1 Nxg2 39. Qf1 Nf4 0-1

[Event "CZE-ch Youth B16 2022"]
[Site "Luhacovice"]
[Date "2022.03.13"]
[Round "2.2"]
[White "Soucek, Petr"]
[Black "Le, Anh Dung"]
[Result "1/2-1/2"]
[ECO "A11"]
[WhiteElo "2194"]
[BlackElo "1998"]
[Annotator "ChessBase"]
[PlyCount "115"]
[EventDate "2022.03.12"]
[EventType "swiss"]
[EventCountry "CZE"]
[SourceTitle "playchess.com"]
[Source "ChessBase"]
[SourceQuality "1"]
[TimeControl "40/5400+30:1800+30"]

1. c4 c6 2. Nf3 d5 3. e3 Nf6 4. Nc3 e6 5. b3 Bd6 6. Bb2 O-O 7. d4 Nbd7 8. Bd3 Re8 9. h3 dxc4 10. Bxc4 b5 11. Be2 Bb7 12. O-O a6 13. a4 Rc8 14. Rc1 Qb6 15. Nd2 Bb8 16. Nf3 h6 17. Bd3 e5 18. dxe5 Nxe5 19. Nxe5 Bxe5 20. Qc2 c5 21. axb5 axb5 22. Rfd1 Qc6 23. Bf1 c4 24. bxc4 bxc4 25. Qa4 Qb6 26. Ba1 Qb3 27. Rb1 Qxa4 28. Nxa4 Be4 29. Rbc1 Bxa1 30. Rxa1 c3 31. Rdc1 c2 32. f3 Bg6 33. e4 Red8 34. Nb6 Rc3 35. Ra2 Rb3 36. Nc4 Nxe4 37. fxe4 Bxe4 38. Raxc2 Bxc2 39. Rxc2 g6 40. Nd2 Rb4 41. Kh2 Rf4 42. Nf3 Kg7 43. Be2 Re4 44. Ng1 Red4 45. Bf3 Rd2 46. Rc4 R2d4 47. Rc5 R8d7 48. Ne2 Rb4 49. Kg3 Rb2 50. Nf4 Rbd2 51. Ra5 Rb2 52. h4 h5 53. Nh3 Rb4 54. Ng5 Rc7 55. Bd5 Rc3+ 56. Bf3 Rc7 57. Ne4 Rcc4 58. Ng5 1/2-1/2

[Event "CZE-ch Youth B16 2022"]
[Site "Luhacovice"]
[Date "2022.03.13"]
[Round "2.3"]
[White "Jirasko, Miroslav"]
[Black "Winter, Ondrej"]
[Result "1-0"]
[ECO "B31"]
[WhiteElo "1933"]
[BlackElo "2147"]
[Annotator "ChessBase"]
[PlyCount "99"]
[EventDate "2022.03.12"]
[EventType "swiss"]
[EventCountry "CZE"]
[SourceTitle "playchess.com"]
[Source "ChessBase"]
[SourceQuality "1"]
[TimeControl "40/5400+30:1800+30"]

1. e4 c5 2. Nf3 Nc6 3. Bb5 g6 4. Bxc6 bxc6 5. d4 Bg7 6. dxc5 Qa5+ 7. Nbd2 Ba6 8. Rb1 Qxc5 9. c4 d6 10. b4 Qb6 11. O-O Nh6 12. a4 O-O 13. Bb2 Bxb2 14. Rxb2 f5 15. e5 dxe5 16. Qb3 Qc7 17. b5 Bb7 18. c5+ Nf7 19. Ng5 Qd7 20. Nxf7 Rxf7 21. Nf3 Qc7 22. Ng5 Raf8 23. b6 axb6 24. Nxf7 Rxf7 25. Qxb6 e6 26. Qxc7 Rxc7 27. Rb6 Bc8 28. a5 Kf7 29. a6 Ke7 30. Ra1 Ra7 31. Rxc6 Kd7 32. Rb6 Kc7 33. Kf1 Bd7 34. Ke2 Bc6 35. g3 Bd5 36. f4 e4 37. Ke3 Bc4 38. Kd4 Bd5 39. h4 h5 40. Ra3 Bc6 41. Ke5 Bd5 42. Kf6 Kd7 43. Rd6+ Ke8 44. Kxg6 Ke7 45. Rxd5 exd5 46. Kxf5 Kd7 47. Ke5 Kc6 48. Kd4 Kb5 49. Kxd5 Kb4 50. Re3 1-0

[Event "CZE-ch Youth B16 2022"]
[Site "Luhacovice"]
[Date "2022.03.13"]
[Round "2.4"]
[White "Dedek, Jan"]
[Black "Paseka, Matyas"]
[Result "0-1"]
[ECO "E62"]
[WhiteElo "1963"]
[BlackElo "2058"]
[Annotator "NA"]
[PlyCount "60"]
[EventDate "2022.03.12"]
[EventType "swiss"]
[EventCountry "CZE"]
[SourceTitle "playchess.com"]
[Source "ChessBase"]
[SourceQuality "1"]
[TimeControl "40/5400+30:1800+30"]

1. d4 Nf6 2. c4 g6 3. Nf3 Bg7 4. g3 O-O 5. Bg2 d6 6. Nc3 Nc6 7. O-O Bf5 8. Nh4 Bd7 9. Nf3 a6 10. h3 Qc8 11. Kh2 Rb8 12. e4 e5 13. Be3 $11 Re8 14. Rc1 b5 15. cxb5 axb5 16. dxe5 dxe5 17. Nd2 Rd8 18. Nd5 Nxd5 19. exd5 Nd4 20. Nb3 Nf5 21. Bc5 Qa6 22. a3 Nd6 23. Bb4 Qa7 24. Qc2 Nc4 25. Nd2 Bf5 26. Qb3 c5 27. Nxc4 bxc4 28. Qe3 Bd3 29. Rfd1 e4 30. Rd2 Bd4 0-1

[Event "CZE-ch Youth B16 2022"]
[Site "Luhacovice"]
[Date "2022.03.13"]
[Round "2.5"]
[White "Janous, Marek"]
[Black "Bezdek, Tomas"]
[Result "1/2-1/2"]
[ECO "B30"]
[WhiteElo "2056"]
[BlackElo "1855"]
[Annotator "NA"]
[PlyCount "101"]
[EventDate "2022.03.12"]
[EventType "swiss"]
[EventCountry "CZE"]
[SourceTitle "playchess.com"]
[Source "ChessBase"]
[SourceQuality "1"]
[TimeControl "40/5400+30:1800+30"]

1. e4 c5 2. Nf3 Nc6 3. Bb5 Nd4 4. Nxd4 cxd4 5. O-O a6 6. Bc4 e6 7. a4 d5 8. exd5 exd5 9. Bb3 $11 Bd6 10. Re1+ Ne7 11. d3 O-O 12. Bg5 f6 13. Bh4 Bb4 14. c3 Ba5 15. Qf3 Kh8 16. Bg3 dxc3 17. bxc3 d4 18. Rc1 Qb6 19. Qd1 Nf5 20. Bf4 Re8 21. Bd2 dxc3 22. Nxc3 Nd4 23. Rab1 Qd8 24. Be3 Bf5 25. Bc4 Bxc3 26. Rxc3 Rb8 27. h3 Nc6 28. Rcb3 Qd7 29. Bf4 Ne5 30. Bxa6 Qxa4 31. Bxe5 Rxe5 32. Rxb7 Qxd1+ 33. Rxd1 Rxb7 34. Bxb7 Re7 35. Bf3 Rd7 36. d4 Kg8 37. d5 Rd6 38. Kf1 Kf7 39. Ke2 Ke7 40. Ra1 Bd7 41. Kd3 Rb6 42. Kc3 Kd6 43. Ra8 g5 44. Rf8 Ke7 45. Rh8 Bf5 46. Ra8 Kd6 47. Kc4 Rb2 48. Ra6+ Ke5 49. Ra5 Kd6 50. Ra6+ Ke5 51. Ra5 1/2-1/2

[Event "CZE-ch Youth B16 2022"]
[Site "Luhacovice"]
[Date "2022.03.13"]
[Round "2.6"]
[White "Kubiczek, Michal"]
[Black "Mametev, Artem"]
[Result "1-0"]
[ECO "E97"]
[WhiteElo "1720"]
[BlackElo "1848"]
[Annotator "NA"]
[PlyCount "141"]
[EventDate "2022.03.12"]
[EventType "swiss"]
[EventCountry "CZE"]
[SourceTitle "playchess.com"]
[Source "ChessBase"]
[SourceQuality "1"]
[TimeControl "40/5400+30:1800+30"]

1. d4 Nf6 2. c4 g6 3. Nc3 Bg7 4. e4 d6 5. Nf3 O-O 6. Be2 e5 7. O-O Nc6 8. d5 Ne7 $1 9. b4 Nh5 10. g3 f5 11. Ng5 Nf6 12. f3 c6 13. Be3 $11 Bh6 14. Qd2 cxd5 15. Nxd5 Nexd5 16. cxd5 Nh5 17. Ne6 Bxe3+ 18. Qxe3 Bxe6 19. dxe6 f4 20. Qb3 Kh8 21. g4 Ng7 22. Kh1 Qe7 23. Bc4 Rfe8 24. Bb5 Red8 25. Bd7 Ne8 26. Rac1 Nf6 27. Rc7 Nxd7 28. Rxb7 Qe8 29. Rxd7 Rxd7 30. exd7 Qxd7 31. Qd5 Rc8 32. Rd1 Qc6 33. Qxd6 Qxd6 34. Rxd6 Rc1+ 35. Kg2 Rc2+ 36. Kg1 Rxa2 37. Rd5 Ra1+ 38. Kg2 Ra2+ 39. Kh3 Ra3 40. g5 Rxf3+ 41. Kg4 Rb3 42. b5 Rb2 43. Rxe5 Rxh2 44. Re8+ Kg7 45. Re7+ Kf8 46. Rxa7 Rb2 47. Rb7 Ke8 48. b6 Kd8 49. Rb8+ Kd7 50. Kxf4 Rb5 51. Rb7+ Kc8 52. Rxh7 Rxb6 53. Rf7 Kd8 54. Rf6 Rb1 55. Rxg6 Ke7 56. Kf5 Rf1+ 57. Ke5 Rg1 58. Rg7+ Kf8 59. Kf6 Rf1+ 60. Kg6 Rf4 61. e5 Re4 62. Rf7+ Ke8 63. Kg7 Rxe5 64. g6 Re1 65. Kg8 Rg1 66. g7 Ra1 67. Rf2 Ke7 68. Rg2 Kf6 69. Rb2 Rc1 70. Rb6+ Ke7 71. Kh7 1-0

[Event "CZE-ch Youth B16 2022"]
[Site "Luhacovice"]
[Date "2022.03.13"]
[Round "2.8"]
[White "Zezula, Jakub"]
[Black "Oborny, Stanislav"]
[Result "0-1"]
[ECO "C42"]
[WhiteElo "1891"]
[BlackElo "1674"]
[Annotator "NA"]
[PlyCount "62"]
[EventDate "2022.03.12"]
[EventType "swiss"]
[EventCountry "CZE"]
[SourceTitle "playchess.com"]
[Source "ChessBase"]
[SourceQuality "1"]
[TimeControl "40/5400+30:1800+30"]

1. e4 e5 2. Nf3 Nf6 3. Nxe5 d6 4. Nf3 Nxe4 5. d4 d5 6. Bd3 Nc6 7. O-O Be7 8. Re1 Bf5 $14 9. Nc3 Nxc3 10. bxc3 Bxd3 11. Qxd3 O-O 12. Rb1 b6 13. Qf5 h6 14. Rb5 Bd6 15. Qg4 Kh8 16. Qh5 Ne7 17. Bxh6 Kg8 18. Bd2 Qd7 19. Ng5 Qf5 20. g4 Qg6 21. Qh4 f6 22. Ne6 Qxc2 23. Nxf8 Qxd2 24. Rxe7 Bxe7 25. Ng6 Qe1+ 26. Kg2 Qe4+ 27. f3 Qxg6 28. Rxd5 Qc2+ 29. Kh3 Bd6 30. Rxd6 cxd6 31. Kg3 Qxc3 0-1

[Event "CZE-ch Youth B16 2022"]
[Site "Luhacovice"]
[Date "2022.03.13"]
[Round "2.9"]
[White "Zrubek, Adam"]
[Black "Pelc, Adam"]
[Result "1/2-1/2"]
[ECO "B34"]
[WhiteElo "1661"]
[BlackElo "1811"]
[Annotator "NA"]
[PlyCount "89"]
[EventDate "2022.03.12"]
[EventType "swiss"]
[EventCountry "CZE"]
[SourceTitle "playchess.com"]
[Source "ChessBase"]
[SourceQuality "1"]
[TimeControl "40/5400+30:1800+30"]

1. e4 c5 2. Nf3 Nc6 3. d4 cxd4 4. Nxd4 Nf6 $11 5. Nc3 e5 6. Ndb5 d6 7. Nd5 Nxd5 8. exd5 Ne7 9. c4 Ng6 10. Bd3 Be7 11. O-O O-O 12. Kh1 a6 13. Nc3 f5 14. f4 e4 15. Be2 Bf6 16. Be3 b6 17. Bd4 Rb8 18. b4 Bd7 19. Rc1 Rc8 20. Qd2 a5 21. a3 Re8 22. Qe3 Bxd4 23. Qxd4 axb4 24. axb4 Qc7 25. g3 Ra8 26. Ra1 Ne7 27. Rfc1 Rec8 28. Nd1 Qb7 29. Ne3 Rxa1 30. Rxa1 Ra8 31. Kg2 Rxa1 32. Qxa1 b5 33. Qa5 Kf7 34. Kf2 bxc4 35. Bxc4 Nc8 36. b5 Nb6 37. Bb3 Ke7 38. Qc3 Kf7 39. Qb4 Qc7 40. Nc4 Nxc4 41. Bxc4 Qb6+ 42. Kg2 h6 43. Qa3 Qc7 44. Qb3 Qb6 45. Qa3 1/2-1/2

[Event "CZE-ch Youth B16 2022"]
[Site "Luhacovice"]
[Date "2022.03.13"]
[Round "2.10"]
[White "Stejskal, Michal"]
[Black "Vasinek, Martin"]
[Result "1-0"]
[ECO "B07"]
[WhiteElo "1857"]
[BlackElo "1594"]
[Annotator "NA"]
[PlyCount "119"]
[EventDate "2022.03.12"]
[EventType "swiss"]
[EventCountry "CZE"]
[SourceTitle "playchess.com"]
[Source "ChessBase"]
[SourceQuality "1"]
[TimeControl "40/5400+30:1800+30"]

1. d4 Nf6 2. Nc3 g6 3. e4 d6 4. Bg5 Bg7 5. e5 dxe5 6. dxe5 Qxd1+ 7. Rxd1 Nfd7 8. Nd5 Bxe5 9. Nf3 e6 $14 10. Nxe5 exd5 11. Rxd5 O-O 12. Nf3 Re8+ 13. Kd1 f6 14. Be3 Nb6 15. Rd2 Bg4 16. Be2 Nc6 17. Kc1 Rad8 18. Rhd1 Rxd2 19. Rxd2 Nb4 20. Bxb6 axb6 21. Bc4+ Kg7 22. c3 Nc6 23. Bb5 Bxf3 24. gxf3 Re7 25. Bxc6 bxc6 26. Kd1 f5 27. a4 c5 28. b4 cxb4 29. cxb4 c5 30. bxc5 bxc5 31. Kc2 Ra7 32. Kb3 Kf7 33. Rd5 Ra5 34. Rd7+ Kg8 35. f4 h5 36. Rb7 Ra8 37. Rb5 c4+ 38. Kb4 Rc8 39. Kc3 Re8 40. Rb2 Ra8 41. Ra2 Kf7 42. a5 Ke6 43. Kxc4 Kd6 44. a6 Kc6 45. a7 Kb7 46. Kd5 Rd8+ 47. Ke5 Ka8 48. h4 Rd1 49. Ra6 Rg1 50. f3 Rg3 51. Ra3 Rh3 52. Kf6 Rxh4 53. Kg5 Rh1 54. Kxg6 h4 55. Kxf5 Rg1 56. Ra2 Rg3 57. Ke4 Rg7 58. f5 h3 59. f6 Rxa7 60. f7 1-0

[Event "CZE-ch Youth B16 2022"]
[Site "Luhacovice"]
[Date "2022.03.13"]
[Round "2.11"]
[White "Vilimek, Vit"]
[Black "Simek, Viktor"]
[Result "1-0"]
[ECO "C45"]
[WhiteElo "1794"]
[BlackElo "1527"]
[Annotator "NA"]
[PlyCount "71"]
[EventDate "2022.03.12"]
[EventType "swiss"]
[EventCountry "CZE"]
[SourceTitle "playchess.com"]
[Source "ChessBase"]
[SourceQuality "1"]
[TimeControl "40/5400+30:1800+30"]

1. e4 e5 2. Nf3 Nc6 3. d4 exd4 4. Nxd4 Bc5 5. Nb3 Bb6 6. Nc3 d6 7. Qe2 Be6 8. f3 Nf6 9. Bg5 h6 10. Bh4 g5 11. Bf2 Qd7 12. O-O-O O-O-O 13. Na4 Nb4 14. Nxb6+ axb6 15. a3 Nc6 16. Qd2 g4 17. Bb5 Bxb3 18. cxb3 Qe6 19. Qc3 gxf3 20. gxf3 Rhg8 21. Bxc6 bxc6 22. Qxc6 Qxb3 23. e5 Ne8 24. Bh4 Rg2 25. Qa8+ Kd7 26. e6+ fxe6 27. Qxd8+ Kc6 28. Qxe8+ Kb7 29. Rd2 Rxd2 30. Kxd2 Qxb2+ 31. Ke3 Qc3+ 32. Kf2 Qb2+ 33. Kg3 Qe5+ 34. Kh3 Qf4 35. Rf1 Qc4 36. Rf2 1-0

[Event "CZE-ch Youth B16 2022"]
[Site "Luhacovice"]
[Date "2022.03.13"]
[Round "2.12"]
[White "Trojan, Matyas"]
[Black "Mrazek, Roman"]
[Result "1/2-1/2"]
[ECO "B44"]
[WhiteElo "1582"]
[BlackElo "1820"]
[Annotator "NA"]
[PlyCount "83"]
[EventDate "2022.03.12"]
[EventType "swiss"]
[EventCountry "CZE"]
[SourceTitle "playchess.com"]
[Source "ChessBase"]
[SourceQuality "1"]
[TimeControl "40/5400+30:1800+30"]

1. e4 c5 2. Nf3 e6 3. d4 cxd4 4. Nxd4 Nc6 5. a3 a6 6. Nc3 Qc7 7. Nxc6 (7. Be3 $14) 7... bxc6 8. g3 Nf6 9. Bg2 Be7 10. O-O O-O 11. Kh1 d5 $15 12. f4 Rd8 13. e5 Nd7 14. Be3 Bb7 15. b4 c5 16. bxc5 Bxc5 17. Bd4 Rac8 18. Ne2 a5 19. c3 Ba6 20. Rf3 Rb8 21. Nc1 Rdc8 22. Nb3 Be7 23. a4 Bc4 24. Rb1 Rb7 25. Nd2 Rcb8 26. Rxb7 Rxb7 27. Nxc4 Qxc4 28. Bf1 Qa2 29. Bb5 Nc5 30. Rf2 Qb3 31. Qxb3 Nxb3 32. Rc2 Rc7 33. Bb6 Rc8 34. Kg2 Bb4 35. c4 d4 36. Rb2 Nc5 37. Bxc5 Rxc5 38. Kf3 d3 39. Rb3 d2 40. Rd3 h5 41. Ke2 Kh7 42. Rd7 1/2-1/2

[Event "CZE-ch Youth B16 2022"]
[Site "Luhacovice"]
[Date "2022.03.14"]
[Round "3.1"]
[White "Paseka, Matyas"]
[Black "Jirasko, Miroslav"]
[Result "0-1"]
[ECO "B40"]
[WhiteElo "2058"]
[BlackElo "1933"]
[Annotator "ChessBase"]
[PlyCount "118"]
[EventDate "2022.03.12"]
[EventType "swiss"]
[EventCountry "CZE"]
[SourceTitle "playchess.com"]
[Source "ChessBase"]
[SourceQuality "1"]
[TimeControl "40/5400+30:1800+30"]

1. e4 c5 2. Nf3 e6 3. d4 cxd4 4. Nxd4 Nf6 5. Nc3 Nc6 6. Ndb5 Bc5 7. Bf4 O-O 8. Bc7 Qe7 9. Bd6 Bxd6 10. Qxd6 Qd8 11. O-O-O a6 12. Nd4 Ne7 13. Bd3 b5 14. Nb3 Ne8 15. Qg3 b4 16. Ne2 d6 17. e5 Nd5 18. Nf4 Bb7 19. Be4 Nxf4 20. Qxf4 Bxe4 21. Qxe4 Qb8 22. Na5 d5 23. Qd4 Qb5 24. Nb3 Rc8 25. Qd3 Qb6 26. Qe3 Qb7 27. h4 Nc7 28. h5 Nb5 29. h6 g6 30. Rd2 Rc7 31. Qg5 f5 32. exf6 Rcf7 33. Qe5 Rxf6 34. Re1 Qc7 35. f3 Qxe5 36. Rxe5 Rc8 37. Nd4 Nxd4 38. Rxd4 a5 39. Kd2 Kf7 40. f4 Rf5 41. g4 Rxe5 42. fxe5 g5 43. b3 Kg6 44. a3 bxa3 45. Ra4 Rc5 46. Rxa3 Kxh6 47. b4 axb4 48. Ra6 Rc4 49. Rxe6+ Kg7 50. Re7+ Kg6 51. Re6+ Kf7 52. Rf6+ Ke7 53. Rd6 Rxg4 54. Rxd5 Ke6 55. Rb5 h5 56. Ke3 h4 57. Kf3 Rf4+ 58. Kg2 g4 59. Kh2 Rc4 0-1

[Event "CZE-ch Youth B16 2022"]
[Site "Luhacovice"]
[Date "2022.03.14"]
[Round "3.2"]
[White "Smolik, Jachym"]
[Black "Kubiczek, Michal"]
[Result "1-0"]
[ECO "A59"]
[WhiteElo "2277"]
[BlackElo "1720"]
[Annotator "ChessBase"]
[PlyCount "95"]
[EventDate "2022.03.12"]
[EventType "swiss"]
[EventCountry "CZE"]
[SourceTitle "playchess.com"]
[Source "ChessBase"]
[SourceQuality "1"]
[TimeControl "40/5400+30:1800+30"]

1. d4 Nf6 2. c4 c5 3. d5 b5 4. cxb5 a6 5. bxa6 g6 6. Nc3 Bxa6 7. e4 Bxf1 8. Kxf1 d6 9. g3 Bg7 10. Kg2 O-O 11. Nf3 Nbd7 12. a4 Qb6 13. Qc2 Rfb8 14. Nb5 Ne8 15. Bd2 Nc7 16. Nxc7 Qxc7 17. Rab1 Qa7 18. b3 Rb6 19. Bc3 Qb7 20. Bxg7 Kxg7 21. Nd2 Rb4 22. h4 h5 23. Nc4 Nb6 24. Na3 Rb8 25. Rhe1 Kh7 26. Qc3 Nd7 27. Nb5 Nf6 28. f3 Ne8 29. Re3 Nc7 30. Na3 Qa7 31. Re2 Na8 32. Reb2 Nb6 33. Nc2 Nd7 34. Nxb4 Rxb4 35. Re1 Qb7 36. Ree2 Ne5 37. Red2 Nd7 38. Qc2 Nf6 39. Qb1 Nd7 40. Qc2 Nf6 41. Qc3 Nd7 42. Ra2 Ne5 43. a5 Rxb3 44. a6 Qb6 45. Rdb2 c4 46. a7 Nxf3 47. Rxb3 cxb3 48. Kxf3 1-0

[Event "CZE-ch Youth B16 2022"]
[Site "Luhacovice"]
[Date "2022.03.14"]
[Round "3.3"]
[White "Bezdek, Tomas"]
[Black "Soucek, Petr"]
[Result "0-1"]
[ECO "B10"]
[WhiteElo "1855"]
[BlackElo "2194"]
[Annotator "NA"]
[PlyCount "70"]
[EventDate "2022.03.12"]
[EventType "swiss"]
[EventCountry "CZE"]
[SourceTitle "playchess.com"]
[Source "ChessBase"]
[SourceQuality "1"]
[TimeControl "40/5400+30:1800+30"]

1. e4 c6 2. Ne2 d5 3. e5 d4 4. Nf4 e6 5. c3 c5 6. Na3 Nc6 7. Nc4 (7. Nd3 $11) 7... g5 8. Nh5 Qd5 9. Qf3 Bd7 10. Qg3 b5 11. Nd6+ Bxd6 12. exd6 Qe5+ 13. Qxe5 Nxe5 14. d3 f6 $16 15. f4 gxf4 16. Nxf4 Ng6 17. Be2 Nxf4 18. Bxf4 e5 19. Bg3 Nh6 20. Bh5+ Kf8 21. O-O Kg7 22. cxd4 cxd4 23. Rac1 Rac8 24. Rc7 Rxc7 25. dxc7 Rc8 26. Rc1 Nf5 27. Be1 Ne7 28. Bf3 Bc6 29. Rxc6 Nxc6 30. Bxc6 Rxc7 31. Bxb5 Rc2 32. b4 Rxa2 33. g4 Re2 34. Bf2 Rb2 35. Be1 a5 0-1